 Dungeon Crawl Stone Soup version 0.19-a0-957-gf4ea323 (webtiles) character file.

471 mistymad the Covered (level 7, 0/44 HPs)
             Began as a Gargoyle Fighter on July 11, 2016.
             Killed by nerve-wracking pain
             ... invoked by Grinder
              (7 damage)
             ... on level 4 of the Dungeon.
             The game lasted 00:05:19 (2762 turns).

mistymad the Covered (Gargoyle Fighter)             Turns: 2762, Time: 00:05:19

Health: 0/44       AC: 15    Str: 25    XL:     7   Next: 9%
Magic:  7/7        EV:  8    Int:  8    God:
Gold:   186        SH: 10    Dex: 11    Spells: 0 memorised, 6 levels left

rFire  . . .     SeeInvis .     E - +2 flail (crush)
rCold  . . .     Gourm    .     b - +0 scale mail
rNeg   + . .     Faith    .     c - +0 shield
rPois  ∞         Spirit   .     j - +2 helmet
rElec  +         Dismiss  .     (no cloak)
rCorr  .         Reflect  .     (no gloves)
SustAt .         Harm     .     (no boots)
MR     .....                    (no amulet)
Stlth  ..........               (no ring)
                                (no ring)

@: mighty, not resistant to hostile enchantments, extremely unstealthy
A: negative energy resistance 1, electricity resistance, unbreathing,
petrification resistance, rot immunity, AC +4
a: no special abilities


You were on level 4 of the Dungeon.
You were hungry.

You visited 1 branch of the dungeon, and saw 4 of its levels.

You collected 186 gold pieces.

Inventory:

Hand Weapons
 E - a +2 flail of crushing (weapon)
Armour
 b - a +0 scale mail (worn)
 c - a +0 shield (worn)
 j - a +2 helmet (worn)
Wands
 a - a wand of slowing (38/48)
 y - a wand of iceblast (7/15)
Scrolls
 e - 8 scrolls of identify {unknown}
 h - 2 scrolls of random uselessness {unknown}
 k - a scroll of fear {unknown}
 n - 2 scrolls of enchant armour {unknown}
 o - 3 scrolls of magic mapping {unknown}
 p - a scroll of blinking {unknown}
 r - a scroll of immolation {unknown}
 t - 3 scrolls of teleportation {unknown}
 v - 3 scrolls of amnesia {unknown}
 w - a scroll of enchant weapon {unknown}
 B - 2 scrolls of recharging {unknown}
 C - a scroll of remove curse {unknown}
Potions
 i - 3 potions of curing {unknown}
 l - a potion of beneficial mutation {unknown}
 m - a potion of mutation {unknown}
 s - a potion of flight {unknown}
 u - a potion of ambrosia {unknown}
 x - a potion of heal wounds {unknown}
 z - a potion of lignification {unknown}
 A - 2 potions of degeneration {unknown}
Comestibles
 f - 3 bread rations
 g - 3 meat rations
 q - a beef jerky


   Skills:
 + Level 4.9 Fighting
 + Level 4.1 Maces & Flails
 + Level 5.2 Armour
 + Level 5.0 Shields


You had 6 spell levels left.
You didn't know any spells.

Dungeon Overview and Level Annotations

Branches:
Dungeon (4/15)
 Temple: D:4-7

Altars:
Gozag
Nemelex Xobeh
Okawaru
Uskayaw

Shops:
D:4 (

Annotations:
D:4 Grinder


Innate Abilities, Weirdness & Mutations

You are resistant to torment.
Your stone body is resilient. (AC +4)
You are immune to poison.
You resist negative energy. (rN+)
You are resistant to electric shocks. (rElec)
You can survive without breathing.
You are immune to petrification.
You are immune to rotting.


Message History

Grinder hits you. Grinder hits you!
* * * LOW HITPOINT WARNING * * *
You take 9 damage, and have 12/44 hp.
MASSIVE DAMAGE!!
Unknown command.
You hit Grinder.
Grinder is heavily wounded.
Grinder hits you.
* * * LOW HITPOINT WARNING * * *
Grinder hits you.
* * * LOW HITPOINT WARNING * * *
You take 5 damage, and have 7/44 hp.
Grinder barely misses you.
You feel very mighty all of a sudden. Grinder hits you but does no damage.
You thump Grinder!
Grinder is severely wounded.
Grinder says, "My boss said I was rubbish.
His entrails said otherwise."
Grinder gestures at you. Pain shoots through your body!
You die...

.####......# ###### #...#.†..#
......###'## #....# ##+##.#..#
......###.######....####.##.#..#
......+...............##.##.##.#
......###.######......##.##.##.#
#.....# #.# #......##)##.##>#
......# #:# #$.....##.##.##.#
#.##### #.# #5.....##.##.##.#
..### #.######@#######.##.##.#
#...# #......#.# #.##.##.# #.#.#
##.####.#.# #.......# ....#
#.........# #..#.#### #.#.#
##.####.#.#######..#.# #.#.# #.#
#.#............# #.#.# #.#
#.#########..#.# #.#.# ### #.#
#..#.# #.#.# #.# #..#.#


You could see Grinder.

Vanquished Creatures
  Sigmund (D:2)
  An iguana (D:4)
  2 worker ants (D:4)
  Natasha (thrice) (D:4)
  Robin (D:3)
  5 adders
  An ooze (D:3)
  A worm (D:3)
  4 dart slugs
  3 giant geckos
  9 orcs
  2 giant cockroaches
  17 goblins
  9 hobgoblins
  2 jackals (D:3)
  6 kobolds
  7 bats
  5 giant newts
  10 rats
89 creatures vanquished.

Notes
Turn   | Place    | Note
-------+----------+-------------------------------------------
     0 | D:1      | mistymad the Gargoyle Fighter began the quest for the Orb.
     0 | D:1      | Reached XP level 1. HP: 14/14 MP: 1/1
   112 | D:1      | Reached XP level 2. HP: 17/19 MP: 2/2
   483 | D:1      | Reached XP level 3. HP: 23/23 MP: 3/3
   903 | D:2      | Reached XP level 4. HP: 29/29 MP: 4/4
  1097 | D:2      | Noticed Sigmund
  1107 | D:2      | Killed Sigmund
  1107 | D:2      | Reached XP level 5. HP: 25/34 MP: 5/5
  1245 | D:2      | Found an opulent altar of Gozag.
  1245 | D:2      | Found a hide-covered altar of Uskayaw.
  1417 | D:3      | Found a faded altar of an unknown god.
  1419 | D:3      | Noticed Robin
  1426 | D:3      | Reached XP level 6. HP: 39/39 MP: 6/6
  1452 | D:3      | Killed Robin
  1875 | D:3      | Found an iron altar of Okawaru.
  1885 | D:3      | Found a sparkling altar of Nemelex Xobeh.
  2249 | D:4      | Found Retsojof's Antique Weapon Shoppe.
  2347 | D:4      | Noticed Natasha
  2356 | D:4      | Killed Natasha
  2356 | D:4      | Reached skill level 5 in Armour
  2522 | D:4      | Noticed Natasha
  2524 | D:4      | Killed Natasha
  2524 | D:4      | Noticed Natasha
  2533 | D:4      | Killed Natasha
  2533 | D:4      | Reached XP level 7. HP: 29/44 MP: 7/7
  2690 | D:4      | Reached skill level 5 in Shields
  2734 | D:4      | Noticed Grinder
  2742 | D:4      | Paralysed by Grinder for 5 turns
  2754 | D:4      | Paralysed by Grinder for 3 turns
  2762 | D:4      | Killed from afar by Grinder

Vault maps used:
D:1:      minmay_arrival_stair_chambers
D:2:      gammafunk_temple_overflow_elements, first_bread,
          minmay_misc_feat_square, minivault_5, uniq_sigmund
D:3:      amethyst_overflow_temple_binary, ecumenical_altar_1, uniq_robin
D:4:      serial_shops, nicolae_shop_overgrown_old_shop,
          kennysheep_generic_room_12, uniq_natasha, uniq_grinder

Skill      XL: |  1  2  3  4  5  6  7 |
---------------+----------------------+-----
Armour         | 4 5 |  5.2
Fighting       | 4 |  4.9
Maces & Flails | 3 4 |  4.1
Shields        | 4 5 |  5.0

Action                   |  1- 3 |  4- 6 |  7- 9 || total
-------------------------+-------+-------+-------++-------
Melee: Flail             |   117 |   201 |    34 ||   352
  Use: Potion            |       |       |     1 ||     1
  Eat: Chunk             |       |     6 |       ||     6
Armor: Scale mail        |    78 |   109 |    23 ||   210
Dodge: Dodged            |    40 |    61 |    11 ||   112
Block: Shield            |    76 |   113 |    10 ||   199
